 Dungeon Crawl Stone Soup version 0.30-a0-341-g6827065 (webtiles) character file.

Game seed: 14802072919510886407

288 Dorkslayer the Insei (level 6, -1/38 HPs)
             Began as an Octopode Transmuter on Nov 3, 2022.
             Slain by a wyvern (9 damage)
             ... on level 4 of the Dungeon.
             The game lasted 00:07:32 (2509 turns).

Dorkslayer the Insei (Octopode Transmuter)          Turns: 2509, Time: 00:07:33

Health: -1/38      AC:  1    Str:  9    XL:     6   Next: 31%
Magic:  10/11      EV: 13    Int: 18    God:
Gold:   196        SH:  0    Dex: 12    Spells: 7/11 levels left

rFire   . . .      SeeInvis .    b - +0 short sword
rCold   . . .      Faith    .    (no shield)
rNeg    . . .      Spirit   .    (helmet currently unavailable)
rPois   .          Reflect  .    (no amulet)
rElec   .          Harm     .    (no ring)
rCorr   .          Rampage  .    (no ring)
Will    .....                    (no ring)
Stlth   +++.......               (no ring)
HPRegen 0.26/turn                (no ring)
MPRegen 0.12/turn                (no ring)
                                 (no ring)
                                 (no ring)

@: appendages
A: tentacle spike 3, almost no armour, amphibious, 8 rings, camouflage 1,
gelatinous body 1, (nimble swimmer 1), tentacles
a: End Transformation


You were on level 4 of the Dungeon.
One of your tentacles had grown a beastly spike.
You visited 1 branch of the dungeon, and saw 4 of its levels.

You collected 196 gold pieces.

Inventory:

Hand Weapons
 b - a +0 short sword (weapon)
Wands
 n - a wand of mindburst (8)
 q - a wand of charming (7)
Scrolls
 c - a scroll of magic mapping {unknown}
 d - a scroll of enchant weapon {unknown}
 e - a scroll of teleportation {unknown}
 g - a scroll of brand weapon {unknown}
 h - 2 scrolls of identify {unknown}
 i - 2 scrolls of enchant armour {unknown}
 k - a scroll of amnesia {unknown}
 o - a scroll of fear {unknown}
Potions
 a - a potion of lignification
 f - 2 potions of haste {unknown}
 j - a potion of curing {unknown}
 l - 2 potions of berserk rage {unknown}
 m - a potion of flight {unknown}
 p - a potion of invisibility {unknown}


   Skills:
 + Level 1.4 Fighting
 + Level 2.0 Short Blades
 + Level 2.6 Dodging
 + Level 2.4 Stealth
 + Level 3.5 Unarmed Combat
 + Level 3.4 Spellcasting
 + Level 3.2 Transmutations
 * Level 1.2 Evocations


You had 7 spell levels left.
You knew the following spells:

 Your Spells              Type           Power      Damage    Failure   Level
a - Beastly Appendage     Tmut           28%        N/A       4%          1
b - Wereblood             Tmut           14%        N/A       6%          2
c - Magic Dart            Conj           12%        1d3       16%         1

Your spell library contained the following spells:

 Spells                   Type           Power      Damage    Failure   Level
 Blink                    Tloc           6%         N/A       24%         2
 Call Imp                 Summ           3%         N/A       24%         2
 Momentum Strike          Conj/Tloc      6%         3d8       24%         2
 Spider Form              Tmut/Pois      8%         N/A       24%         3
 Lesser Beckoning         Tloc           6%         N/A       43%         3
 Mephitic Cloud           Conj/Pois/Air  3%         N/A       43%         3
 Ice Form                 Ice/Tmut       8%         N/A       63%         4


Dungeon Overview and Level Annotations

Branches:
Dungeon (4/15)
 Temple: D:4-7

Altars:
Elyvilon
Fedhas
Xom


Innate Abilities, Weirdness & Mutations

One of your tentacles has grown a beastly spike.
You cannot wear most types of armour.
You are amphibious.
You can wear up to eight rings at the same time.
Your skin changes colour to match your surroundings (Stealth+).
Your rubbery body absorbs attacks. (AC +1, EV +1)
((You are camouflaged when in or above water. (Stealth+)))
You have tentacles for arms and can constrict up to eight enemies at once.


Message History

You constrict the orc.
You kill the orc!
Things that are here:
a +0 dagger; an orc corpse
Found a stone staircase leading down.
Memorise Wereblood, consuming 2 spell levels and leaving 8?
You start memorising the spell.
You continue memorising. x2
You finish memorising.
Spell assigned to 'b'.
Memorise Magic Dart, consuming 1 spell level and leaving 7?
You start memorising the spell.
You continue memorising.
You finish memorising.
Spell assigned to 'c'.
You see here an orb of light.
There is a stone staircase leading down here.
A wyvern comes into view.
Casting: Beastly Appendage (safe; 4% risk of failure)
Confirm with . or Enter, or press ? or * to list all spells.
One of your tentacles grows a vicious spike.
The wyvern hisses angrily.
Aiming: Mindburst
Press: ? - help, Shift-Dir - straight line, f - wyvern
Aim: a wyvern (chance to affect: 70%)
The wyvern struggles to resist.
The wyvern barely misses you.
Aiming: Mindburst
Press: ? - help, Shift-Dir - straight line, f/p - wyvern
Aim: a wyvern (chance to affect: 70%)
The wyvern's mind is blasted!
The wyvern bites you!
You closely miss the wyvern.
You pierce the wyvern.
Your squeeze misses the wyvern.
The wyvern is heavily wounded.
The wyvern misses you. The wyvern barely misses you.
You hit the wyvern but do no damage. You squeeze the wyvern.
The wyvern is severely wounded.
The wyvern bites you!
You hit the wyvern but do no damage.
You pierce the wyvern, but do no damage.
The wyvern is severely wounded.
The wyvern bites you!
* * * LOW HITPOINT WARNING * * *
The wyvern bites you!
You die...

### ... ..# #.. #.# ..
#.# .. #.# #. #.# #.
##.## ##l####.#.#######
#..@#..###......# # #
#.###..#.#.#####.# #.#.
##.##>## #.# # ....
#...[# #.# # #.#..#
##.#### #.# #
......###.## ##.####
#.....## ######...##.
....##.######...........
# #........####...##.


You could see a wyvern.

Vanquished Creatures
  A scorpion (D:4)
  Natasha (twice) (D:3)
  Ijyb (D:3)
  5 gnolls
  6 adders
  2 worms (D:2)
  A dart slug (D:1)
  An orc (D:4)
  7 ball pythons
  4 endoplasms
  4 goblins
  A hobgoblin (D:2)
  3 quokkas
  A bat (D:2)
  5 frilled lizards (D:2)
  5 kobolds
  3 rats
52 creatures vanquished.

Notes
Turn   | Place    | Note
-------+----------+-------------------------------------------
     0 | D:1      | Dorkslayer the Octopode Transmuter began the quest for the
                  | Orb.
     0 | D:1      | Reached XP level 1. HP: 13/13 MP: 3/3
   255 | D:1      | Reached XP level 2. HP: 13/18 MP: 5/5
   759 | D:2      | Reached XP level 3. HP: 23/23 MP: 6/6
   760 | D:2      | Found a shimmering altar of Xom.
   846 | D:2      | Found a faded altar of an unknown god.
   910 | D:2      | Reached skill level 1 in Short Blades
   999 | D:2      | Reached XP level 4. HP: 28/28 MP: 6/8
  1245 | D:2      | Reached skill level 1 in Stealth
  1416 | D:3      | Noticed Natasha
  1425 | D:3      | Killed Natasha
  1543 | D:3      | Found a white marble altar of Elyvilon.
  1602 | D:3      | Reached XP level 5. HP: 30/33 MP: 7/9
  1669 | D:3      | Noticed Ijyb
  1675 | D:3      | Noticed Natasha
  1682 | D:3      | Killed Ijyb
  1687 | D:3      | Killed Natasha
  1935 | D:3      | Found a blossoming altar of Fedhas.
  2272 | D:4      | Reached XP level 6. HP: 38/38 MP: 8/10
  2328 | D:4      | Reached skill level 1 in Evocations
  2482 | D:4      | Learned a level 2 spell: Wereblood
  2484 | D:4      | Learned a level 1 spell: Magic Dart
  2499 | D:4      | Noticed a wyvern
  2509 | D:4      | Slain by a wyvern

Illustrated notes

Levels and vault maps discovered:
D:1:      lemuel_arrival_broad_hall, layout_basic
D:2:      layout_basic, dreamdust_ecumenical_altar_statues, basic_altar
D:3:      layout_loops_ring, nicolae_elyvilon_peaceful_grove, fedhas_altar_4,
          nicolae_overflow_hidden_temple, uniq_natasha, uniq_ijyb
D:4:      layout_loops_ring, gammafunk_temple_overflow_elements,
          serial_park_tiny_1

Skill      XL: |  1  2  3  4  5  6 |
---------------+-------------------+-----
Short Blades   | 1 2 |  2.0
Stealth        | 1 2 |  2.4
Spellcasting   | 3 |  3.4
Transmutations | 3 |  3.2
Evocations     | 1 |  1.2
Fighting       | |  1.4
Dodging        | |  2.6
Unarmed Combat | |  3.5

Action                   |  1- 3 |  4- 6 || total
-------------------------+-------+-------++-------
Melee: Unarmed           |     9 |       ||     9
       Short sword       |    34 |    68 ||   102
       Kick              |     5 |    29 ||    34
       Constrict         |     9 |    14 ||    23
       Punch             |     3 |     2 ||     5
       Tentacles         |     2 |    16 ||    18
 Cast: Beastly Appendage |     8 |    21 ||    29
Evoke: Wand              |       |     7 ||     7
 Stab: Sleeping          |     2 |     3 ||     5
Armor: Skin              |     2 |     4 ||     6
Dodge: Dodged            |    20 |    27 ||    47

Table legend: (Time is in decaauts)
 A = Elapsed time spent in this place.
 B = Non-inter-level travel time spent in this place.
 C = Inter-level travel time spent in this place.
 D = Time resting spent in this place.
 E = Time spent auto-exploring this place.
 F = Levels seen in this place.
 G = Mean time per level.
                   A        B        C        D        E       F      G
               +--------+--------+--------+--------+--------+-----+--------+
         Total |   2527 |   2527 |      0 |    106 |   1661 |   4 |  631.8 |
       Dungeon |   2527 |   2527 |      0 |    106 |   1661 |   4 |  631.8 |
               +--------+--------+--------+--------+--------+-----+--------+

Top non-repeatable levels by time:
     D:3: 951 daAuts
     D:1: 731 daAuts
     D:2: 602 daAuts
     D:4: 242 daAuts
